 Dungeon Crawl Stone Soup version 0.24-a0-639-gb70a11d811 (webtiles) character file.

Game seed: 6276236961484134221, levelgen mode: deterministic

101 Johnny the Chiller (level 4, -2/35 HPs)
             Began as a Draconian Ice Elementalist on Sept 21, 2019.
             Killed by nerve-wracking pain
             ... invoked by Grinder
              (15 damage)
             ... on level 3 of the Dungeon.
             The game lasted 00:02:48 (2550 turns).

Johnny the Chiller (Draconian Ice Elementalist)     Turns: 2550, Time: 00:02:49

Health: -2/35      AC:  5    Str: 10    XL:     4   Next: 48%
Magic:  6/8        EV: 12    Int: 17    God:
Gold:   108        SH:  0    Dex: 11    Spells: 7/8 levels left

rFire    . . .     SeeInvis .   f - +0 club
rCold    . . .     Gourm    .   (no shield)
rNeg     . . .     Faith    .   (armour unavailable)
rPois    .         Spirit   .   (helmet restricted)
rElec    .         Reflect  .   (no cloak)
rCorr    .         Harm     +   (no gloves)
MR       .....                  (no boots)
Stlth    ++........             h - amulet of harm
HPRegen  0.11/turn              (no ring)
MPRegen  0.11/turn              (no ring)

@: no status effects
A: unfitting armour, cold-blooded, AC +5
a: no special abilities


You were on level 3 of the Dungeon.
You were not hungry.

You visited 1 branch of the dungeon, and saw 3 of its levels.

You collected 108 gold pieces.

Inventory:

Hand Weapons
 f - a +0 club (weapon)
Jewellery
 h - an amulet of harm (around neck)
Wands
 o - a wand of digging (7)
Scrolls
 d - 5 scrolls of identify {unknown}
 e - 3 scrolls of teleportation {unknown}
 k - 2 scrolls of fear {unknown}
 l - a scroll of remove curse {unknown}
Potions
 a - a potion of ambrosia {unknown}
 c - 2 potions of haste {unknown}
 g - 3 potions of agility {unknown}
 i - 2 potions of brilliance {unknown}
 j - a potion of degeneration {unknown}
 m - a potion of magic {unknown}
 n - a potion of curing {unknown}
 q - a potion of flight {unknown}
Comestibles
 b - 5 rations
 p - 2 chunks of flesh


   Skills:
 + Level 1.5 Fighting
 + Level 2.2 Dodging
 - Level 1.7 Stealth
 * Level 2.9 Spellcasting
   Level 1.0 Conjurations
 * Level 4.0 Ice Magic


You had 7 spell levels left.
You knew the following spells:

 Your Spells              Type           Power        Failure   Level  Hunger
a - Freeze                Ice            ###.         3%          1    None

Your spell library contained the following spells:

 Spells                   Type           Power        Failure   Level  Hunger
 Throw Frost              Conj/Ice       ##....       10%         2    ##.....
 Ozocubu's Armour         Chrm/Ice       #.......     22%         3    ###....
 Throw Icicle             Conj/Ice       ##......     52%         4    ####...
 Summon Ice Beast         Ice/Summ       #.......     58%         4    ####...


Dungeon Overview and Level Annotations

Branches:
Dungeon (3/15)

Altars:
Okawaru
Sif Muna
Yredelemnul

Annotations:
D:3 Grinder


Innate Abilities, Weirdness & Mutations

Your plain brown scales are hard. (AC +5)
You cannot fit into any form of body armour.
You are cold-blooded and may be slowed by cold attacks.


Message History

Aiming: Freeze (safe; 3% risk of failure)
Press: ? - help, Shift-Dir - straight line, f - Grinder
Aim: Grinder Grinder completely resists.
You freeze Grinder but do no damage. Grinder gestures at you.
You suddenly lose the ability to move!
Grinder hits you.
You writhe in agony.
You can move again.
Unknown command.
Unknown command.
Unknown command.
Casting: Freeze (safe; 3% risk of failure)
Confirm with . or Enter, or press ? or * to list all spells.
Aiming: Freeze (safe; 3% risk of failure)
Press: ? - help, Shift-Dir - straight line, f/p - Grinder
Aim: Grinder Grinder completely resists.
You freeze Grinder but do no damage. Grinder gestures at you.
Pain shoots through your body!
You die...

#.#.#
##.........##.####.#.#.###
..#.#
#.......).........[÷......
#.#.#
#.......†..........#.#.###
......##.#######+####..##.#.#
#......####....# ##.##.#.#
#<.............# #..#.#.#
#.#########....# ##.#.#.# #
....(....#.######.#.#.#
.........#@.........#.#
###.###.##(5.....#.. #
...#.......# .####.......# #.
#.......# # #........
#####.... ....


You could see Grinder.

Vanquished Creatures
  3 adders (D:2)
  2 oozes
  A dart slug (D:1)
  2 leopard geckos
  2 orcs
  7 bats
  A giant cockroach (D:1)
  5 goblins
  5 hobgoblins
  10 jackals
  6 kobolds
  3 quokkas
  A ball python (D:1)
  2 gnoll zombies (D:2)
  7 rats
57 creatures vanquished.

Notes
Turn   | Place    | Note
-------+----------+-------------------------------------------
     0 | D:1      | Johnny the Draconian Ice Elementalist began the quest for
                  | the Orb.
     0 | D:1      | Reached XP level 1. HP: 14/14 MP: 3/3
   472 | D:1      | Reached XP level 2. HP: 22/22 MP: 1/5
   676 | D:1      | Reached skill level 1 in Fighting
   793 | D:1      | Reached XP level 3. HP: 25/28 MP: 6/6
  1550 | D:2      | Found a basalt altar of Yredelemnul.
  1589 | D:2      | Found an iron altar of Okawaru.
  1878 | D:2      | Found a shimmering blue altar of Sif Muna.
  1942 | D:2      | Reached XP level 4. HP: 26/35 MP: 3/8
  2413 | D:3      | Reached skill level 4 in Ice Magic
  2545 | D:3      | Noticed Grinder
  2548 | D:3      | Paralysed by Grinder for 2 turns
  2550 | D:3      | Killed from afar by Grinder

Levels and vault maps discovered:
D:1:      nzn_arrival_crosshair, layout_basic
D:2:      layout_loops_ring, lemuel_zombie_altar_yredelemnul,
          okawaru_altar_gauntlet_db, led_sif_pool, minmay_three_crescents
D:3:      layout_basic, first_ration, uniq_grinder

Skill      XL: |  1  2  3  4 |
---------------+-------------+-----
Dodging        | 2 |  2.2
Fighting       | 1 |  1.5
Ice Magic      | 4 |  4.0
Stealth        | |  1.7
Spellcasting   | |  2.9
Conjurations   | |  1.0

Action                   |  1- 3 |  4- 6 || total
-------------------------+-------+-------++-------
Melee: Unarmed           |    97 |       ||    97
       Tailslap          |     9 |     5 ||    14
       Club              |    36 |    73 ||   109
 Cast: Freeze            |    48 |     9 ||    57
 Stab: Sleeping          |     2 |     1 ||     3
  Eat: Chunk             |     4 |     2 ||     6
Armor: Skin              |    72 |    43 ||   115
Dodge: Dodged            |   154 |    81 ||   235

Table legend:
 A = Non-vault XP
 B = Vault XP
 C = Vault XP percentage of total XP
 D = Non-vault monster count
 E = Vault monster count
 F = Vault count percentage of total count
                 A         B        C        D         E       F
            +---------+---------+-------+---------+---------+-------
      Total |     111 |      34 |  23.4 |      43 |      14 |  24.6
            +---------+---------+-------+---------+---------+-------
        D:1 |      43 |       0 |   0.0 |      20 |       0 |   0.0
        D:2 |      36 |      34 |  48.6 |       8 |      14 |  63.6
        D:3 |      32 |       0 |   0.0 |      15 |       0 |   0.0
            +---------+---------+-------+---------+---------+-------
